 Dungeon Crawl Stone Soup version 0.25.1-1-g288607f5aa (webtiles) character file.

Game seed: 6313401634171858038

771 Kold the Cudgeler (level 7, -7/50 HPs)
             Began as a Demonspawn Gladiator on July 23, 2020.
             Killed by divine providence
             ... invoked by an orc priest
              (11 damage)
             ... on level 4 of the Dungeon.
             The game lasted 00:07:53 (4246 turns).

Kold the Cudgeler (Demonspawn Gladiator)            Turns: 4246, Time: 00:07:54

Health: -7/50      AC: 12    Str: 17    XL:     7   Next: 53%
Magic:  7/7        EV: 14    Int:  9    God:
Gold:   174        SH:  0    Dex: 18    Spells: 6/6 levels left

rFire    . . .     SeeInvis .   p - +3 flail (protect)
rCold    . . .     Gourm    .   (no shield)
rNeg     . . .     Faith    .   b - +0 leather armour
rPois    .         Spirit   .   c - +0 helmet
rElec    .         Reflect  .   g - +0 cloak
rCorr    .         Harm     .   (no gloves)
MR       .....                  (no boots)
Stlth    +++.......             (no amulet)
HPRegen  2.16/turn              (no ring)
MPRegen  0.10/turn              (no ring)

@: lethally poisoned (-7 -> -8), protection aura
A: thin skeletal structure 2, powered by death 2
a: no special abilities


You were on level 4 of the Dungeon.
You were not hungry.

You visited 1 branch of the dungeon, and saw 4 of its levels.

You collected 174 gold pieces.

Inventory:

Hand Weapons
 p - a +3 flail of protection (weapon)
Missiles
 m - 3 throwing nets (quivered)
Armour
 b - a +0 leather armour (worn)
 c - a +0 helmet (worn)
 g - a +0 cloak (worn)
Wands
 o - a wand of iceblast (3)
Scrolls
 d - a scroll of noise {unknown}
 j - a scroll of enchant armour {unknown}
 l - a scroll of fear {unknown}
 q - 4 scrolls of identify
 t - 2 scrolls of blinking
Potions
 e - a potion of lignification
 h - a potion of flight {unknown}
 i - 2 potions of stabbing
 k - a potion of resistance {unknown}
 r - a potion of haste {unknown}
 u - a potion of berserk rage {unknown}
Comestibles
 f - 4 rations


   Skills:
 - Level 2.0 Fighting
 * Level 6.4 Maces & Flails
 - Level 1.7 Throwing
 + Level 4.4 Dodging
 + Level 3.6 Stealth


You had 6 spell levels left.
You didn't know any spells.
Your spell library was empty.

Dungeon Overview and Level Annotations

Branches:
Dungeon (4/15)
 Temple: D:4-7

Altars:
Dithmenos
Hepliaklqana
Ru
Trog
The Shining One
Beogh

Annotations:
D:4 2 transporters, ilikeclowns's ghost, amateur MiFi


Innate Abilities, Weirdness & Mutations

You have a moderately thin skeletal structure. (Dex +4, Stealth+)
You regenerate health from kills.


Message History

The orc priest invokes the aid of Beogh against you.
Beogh smites you!
The orc priest casts a cantrip, but nothing happens.
The adder barely misses you.
You sock the orc priest!
The orc priest is severely wounded.
The orc priest mumbles some strange prayers to Beogh against you.
Beogh smites you!
* * * LOW HITPOINT WARNING * * *
The orc priest hits you but does no damage.
The adder bites you but does no damage.
You hit the orc priest.
You kill the orc priest!
The adder closely misses you. The orc priest misses you. The adder bites you.
* * * LOW HITPOINT WARNING * * *
You are poisoned.
The adder poisons you!
The orc priest invokes the aid of Beogh against you.
Beogh smites you!
You die...

##### ##$.$##
#.8o8.### #_.)@.'.#
#.8S8.#.#
#########$$$##.#
##...##..######.#
##..........## #.####
#............# #....##
#............######..#
#............#.....(.#
##............._...#.#


You could see an orc priest and an adder.

Vanquished Creatures
  2 phantoms (D:4)
  2 ogres (D:4)
  A howler monkey (D:4)
  2 orc priests (D:4)
  2 hounds (D:4)
  Ijyb (D:3)
  2 worker ants
  7 adders
  3 oozes
  4 worms
  2 dart slugs
  5 leopard geckos
  6 orcs
  7 giant cockroaches
  14 goblins
  8 hobgoblins
  4 jackals (D:1)
  3 kobolds
  3 quokkas (D:2)
  A ball python (D:2)
  8 bats
  3 frilled lizards
  8 rats
98 creatures vanquished.

Notes
Turn   | Place    | Note
-------+----------+-------------------------------------------
     0 | D:1      | Kold the Demonspawn Gladiator began the quest for the Orb.
     0 | D:1      | Reached XP level 1. HP: 16/16 MP: 1/1
   161 | D:1      | Reached skill level 3 in Maces & Flails
   172 | D:1      | Gained mutation: You have a somewhat thin skeletal
                  | structure. (Dex +2, Stealth) [demonic ancestry]
   172 | D:1      | Reached XP level 2. HP: 2/22 MP: 2/2
   636 | D:1      | Gained mutation: You have a moderately thin skeletal
                  | structure. (Dex +4, Stealth+) [demonic ancestry]
   636 | D:1      | Reached XP level 3. HP: 27/27 MP: 3/3
  1098 | D:1      | Reached skill level 4 in Maces & Flails
  1635 | D:2      | Reached XP level 4. HP: 31/33 MP: 4/4
  1869 | D:2      | Reached skill level 1 in Stealth
  2369 | D:3      | Noticed Ijyb
  2379 | D:3      | Killed Ijyb
  2379 | D:3      | Gained mutation: You regenerate a little health from kills.
                  | [demonic ancestry]
  2379 | D:3      | Reached XP level 5. HP: 30/38 MP: 5/5
  2988 | D:3      | Reached skill level 5 in Maces & Flails
  3129 | D:3      | Found a glowing golden altar of the Shining One.
  3180 | D:3      | Found a bloodstained altar of Trog.
  3588 | D:4      | Noticed an ogre
  3599 | D:4      | Killed an ogre
  3599 | D:4      | Gained mutation: You regenerate health from kills. [demonic
                  | ancestry]
  3599 | D:4      | Reached XP level 6. HP: 15/44 MP: 6/6
  3931 | D:4      | Found a sacrificial altar of Ru.
  3933 | D:4      | Found a hazy altar of Hepliaklqana.
  3952 | D:4      | Found a shadowy altar of Dithmenos.
  3981 | D:4      | Found a transporter.
  3981 | D:4      | Noticed ilikeclowns's ghost (amateur MiFi)
  3986 | D:4      | Noticed a hungry ghost
  4004 | D:4      | Reached XP level 7. HP: 42/50 MP: 7/7
  4031 | D:4      | Reached skill level 6 in Maces & Flails
  4083 | D:4      | Found a transporter.
  4236 | D:4      | Found a roughly hewn altar of Beogh.
  4246 | D:4      | Killed from afar by an orc priest

Illustrated notes

Levels and vault maps discovered:
D:1:      sevenhm_arrival_forest_fort_large_4, layout_basic
D:2:      layout_basic, serial_glass, glass_columns_a, glass_columns_c,
          glass_columns_c, glass_columns_a, glass_columns_c, glass_columns_a,
          glass_columns_b, glass_columns_a, first_ration
D:3:      layout_basic, lightli_temple_of_fire, tso_oasis_becter, uniq_ijyb
D:4:      layout_rooms, grunt_temple_overflow_open, gammafunk_ghost_mausoleum,
          chequers_serial_rivers_micro_c, kennysheep_orc_chapel

Skill      XL: |  1  2  3  4  5  6  7 |
---------------+----------------------+-----
Maces & Flails | 3 4 5 6 |  6.4
Dodging        | 3 4 |  4.4
Stealth        | 1 2 3 |  3.6
Fighting       | |  2.0
Throwing       | |  1.7

Action                   |  1- 3 |  4- 6 |  7- 9 || total
-------------------------+-------+-------+-------++-------
Melee: Flail             |   132 |   181 |    34 ||   347
Throw: Throwing net      |       |     3 |       ||     3
  Use: Scroll            |     4 |     4 |       ||     8
       Potion            |       |     3 |       ||     3
 Stab: Sleeping          |     3 |    10 |       ||    13
       Distracted        |       |     1 |       ||     1
  Eat: Chunk             |     2 |     8 |     1 ||    11
Armor: Leather armour    |    55 |    44 |    15 ||   114
Dodge: Dodged            |   104 |   131 |    24 ||   259
